[Event "Titled Tuesday Blitz April 4 Early 2023"]
[White "Jessel, Stephen"]
[Black "Gharibyan, Mamikon"]
[WhiteFideId "628859"]
[BlackFideId "13308300"]
[WhiteElo "2268"]
[BlackElo "2445"]
[Result "1-0"]
[Round "11"]
[TimeControl "180+2"]
[Date "2023.04.04"]
[WhiteClock "0:00:14"]
[BlackClock "0:00:10"]

1. Nf3 d5 2. g3 g6 3. c4 dxc4 4. Na3 Bg7 5. Nxc4 Nc6 6. Bg2 e5 7. O-O e4 8. Ne1 Nf6 9. d3 Be6 10. Qa4 a6 11. Na5 Qd4 12. Qxd4 Nxd4 13. dxe4 Nxe2+ 14. Kh1 O-O-O 15. Bg5 c6 16. e5 Ng4 17. Bxd8 Rxd8 18. f4 Rd2 19. b3 Ne3 20. Rf3 Nxg2 21. Nxg2 Bd5 22. Nc4 Bxc4 23. bxc4 Bf8 24. Ne1 Bc5 25. Rd3 Rb2 26. a3 Nd4 27. Rad1 Ne6 28. Nf3 b5 29. cxb5 axb5 30. Rc3 Kb7 31. Rd7+ Kb6 32. Rxf7 h5 33. Rf6 Nd4 34. Nxd4 Bxd4 35. Rcxc6+ Kb7 36. Rc1 Be3 37. Re1 Bf2 38. Rf1 h4 39. Rxg6 h3 40. Rh6 Bc5 41. Rxh3 Bxa3 42. g4 Bc5 43. g5 b4 44. g6 Bf8 45. g7 Bxg7 46. Rh7 Kc6 47. Rxg7 Kd5 48. Rb7 Ke4 49. e6 Kf5 50. e7 Kf6 51. e8=Q Rxh2+ 52. Kxh2 b3 53. Qe7+ Kf5 54. Qe5+ Kg4 55. Qg5# 1-0


[Site "https://www.chess.com"]

[Event "Titled Tuesday Blitz April 4 Early 2023"]
[White "Maksimovic, Bojan"]
[Black "Shuvalova, Polina"]
[WhiteFideId "14408120"]
[BlackFideId "24171760"]
[WhiteElo "2468"]
[BlackElo "2281"]
[Result "0-1"]
[Round "11"]
[TimeControl "180+2"]
[Date "2023.04.04"]
[WhiteClock "0:01:11"]
[BlackClock "0:01:27"]

1. e4 c6 2. d4 d5 3. Nd2 dxe4 4. Nxe4 Nf6 5. Nxf6+ exf6 6. c3 Bd6 7. Bd3 O-O 8. Qc2 Re8+ 9. Ne2 h5 10. O-O Nd7 11. Ng3 Bxg3 12. fxg3 Nf8 13. Bd2 Be6 14. Rae1 Qd7 15. h3 b5 16. Qd1 Bxa2 17. Qxh5 Bc4 18. Bxc4 bxc4 19. Qc5 Qd5 20. Bf4 Ne6 21. Qb5 cxb5 0-1


[Site "https://www.chess.com"]

[Event "Titled Tuesday Blitz April 4 Early 2023"]
[White "Flores, Diego"]
[Black "Antal, Gergely"]
[WhiteFideId "108049"]
[BlackFideId "717312"]
[WhiteElo "2613"]
[BlackElo "2471"]
[Result "1-0"]
[Round "11"]
[TimeControl "180+2"]
[Date "2023.04.04"]
[WhiteClock "0:01:27"]
[BlackClock "0:00:44"]

1. c4 f5 2. g3 Nf6 3. Bg2 g6 4. Nc3 Bg7 5. d3 O-O 6. e4 d6 7. Nge2 Nc6 8. O-O e5 9. Nd5 Kh8 10. Bg5 Be6 11. Qd2 Ne7 12. Nxf6 Bxf6 13. Bxf6+ Rxf6 14. exf5 Bxf5 15. Bxb7 Rb8 16. Bg2 Qd7 17. d4 Nc6 18. b3 Kg7 19. dxe5 Nxe5 20. f4 Nf7 21. Qc3 Re8 22. Nd4 Nh6 23. Bc6 Qd8 24. Bxe8 Qxe8 25. Rae1 Qa8 26. Re7+ 1-0


[Site "https://www.chess.com"]

[Event "Titled Tuesday Blitz April 4 Early 2023"]
[White "TimGrutter03"]
[Black "Dehtiarov, Roman"]
[BlackFideId "14186640"]
[WhiteElo "2586"]
[BlackElo "2189"]
[Result "0-1"]
[Round "11"]
[TimeControl "180+2"]
[Date "2023.04.04"]
[WhiteClock "0:00:01"]
[BlackClock "0:01:12"]

1. e4 e5 2. Nf3 Nc6 3. g3 Nf6 4. d3 Bc5 5. Bg2 O-O 6. O-O h6 7. c3 Bb6 8. d4 exd4 9. Nxd4 d6 10. Be3 Bd7 11. h3 Qe7 12. Nd2 Rfe8 13. Qc2 Ne5 14. Kh2 a6 15. Nf5 Bxf5 16. exf5 Bxe3 17. fxe3 d5 18. Rae1 Rad8 19. e4 d4 20. cxd4 Rxd4 21. Nb3 Rd6 22. Rd1 Red8 23. Rxd6 Qxd6 24. Rf2 Qb4 25. Rd2 Rxd2 26. Qxd2 Qb6 27. Qd4 Qb5 28. Qc5 Nd3 29. Qxb5 axb5 30. e5 Nxe5 31. Bxb7 Nd3 32. Nd4 b4 33. a3 c5 34. Nc6 b3 35. Na5 Nxb2 36. Nxb3 c4 37. Nc1 Nd7 38. Bc6 Ne5 39. Be4 Kf8 40. Kg2 Ke7 41. Kf2 Kd6 42. Ke3 Kc5 43. Kf4 f6 44. g4 c3 45. h4 Kd4 46. g5 hxg5+ 47. hxg5 Nbd3+ 48. Nxd3 Nxd3+ 49. Kf3 c2 0-1


[Site "https://www.chess.com"]

[Event "Titled Tuesday Blitz April 4 Early 2023"]
[White "Fishchuk, Vladyslav"]
[Black "Vakhlamov, Igor L."]
[WhiteFideId "34122117"]
[BlackFideId "24126748"]
[WhiteElo "2082"]
[BlackElo "2400"]
[Result "1-0"]
[Round "11"]
[TimeControl "180+2"]
[Date "2023.04.04"]
[WhiteClock "0:00:40"]
[BlackClock "0:00:02"]

1. d4 d5 2. Nc3 e6 3. Bf4 Bd6 4. e3 Ne7 5. Nf3 a6 6. Bd3 b5 7. a3 Bb7 8. O-O Nd7 9. Qe2 O-O 10. Rad1 Rc8 11. Rfe1 Ng6 12. Bg3 Re8 13. e4 dxe4 14. Bxe4 Bxe4 15. Nxe4 Nf6 16. Nfd2 Bxg3 17. hxg3 Qxd4 18. c3 Qe5 19. Nxf6+ Qxf6 20. Ne4 Qe7 21. b4 Red8 22. Nc5 Rd6 23. a4 Rcd8 24. Rxd6 cxd6 25. Nxa6 bxa4 26. Ra1 Rc8 27. c4 Qd7 28. b5 f6 29. Rxa4 Ne5 30. f4 Nf7 31. Rb4 Nd8 32. Qe3 Kf7 33. Kh2 Qb7 34. Qd3 Qd7 35. Qxh7 d5 36. c5 d4 37. c6 Qd6 38. Qd3 e5 39. fxe5 fxe5 40. Qf5+ Qf6 41. Qxc8 Qh6+ 42. Qh3 Qd2 43. c7 1-0


[Site "https://www.chess.com"]

[Event "Titled Tuesday Blitz April 4 Early 2023"]
[White "Kosteniuk, Alexandra"]
[Black "Yeletsky, Ivan"]
[WhiteFideId "4128125"]
[BlackFideId "24180327"]
[WhiteElo "2453"]
[BlackElo "2422"]
[Result "1-0"]
[Round "11"]
[TimeControl "180+2"]
[Date "2023.04.04"]
[WhiteClock "0:00:50"]
[BlackClock "0:00:12"]

1. e4 e6 2. d4 d5 3. Nc3 Bb4 4. a3 Bxc3+ 5. bxc3 dxe4 6. Qg4 Nf6 7. Qxg7 Rg8 8. Qh6 Rg6 9. Qe3 b6 10. Bb2 Bb7 11. c4 Nbd7 12. Nh3 Qe7 13. Nf4 Rg8 14. Qc3 O-O-O 15. h3 c5 16. d5 exd5 17. cxd5 e3 18. Qxe3 Qxe3+ 19. fxe3 Nxd5 20. Nxd5 Bxd5 21. Kf2 Be4 22. Rc1 Nf8 23. Bc3 Ne6 24. Rg1 f5 25. Bc4 Rg6 26. a4 Kc7 27. Be5+ Kc6 28. Rcd1 Rxd1 29. Rxd1 Rxg2+ 30. Kf1 Ng5 31. Bb5+ Kb7 32. Rd7+ Kc8 33. Rc7+ Kd8 34. Rg7 h6 35. Bf6+ Kc8 36. Ba6+ 1-0


[Site "https://www.chess.com"]

[Event "Titled Tuesday Blitz April 4 Early 2023"]
[White "Manukyan, Sargis A."]
[Black "Costachi, Mihnea"]
[WhiteFideId "13303970"]
[BlackFideId "1217518"]
[WhiteElo "2187"]
[BlackElo "2456"]
[Result "1-0"]
[Round "11"]
[TimeControl "180+2"]
[Date "2023.04.04"]
[WhiteClock "0:00:13"]
[BlackClock "0:00:13"]

1. d4 c5 2. d5 Nf6 3. c4 g6 4. Nc3 Bg7 5. Nf3 O-O 6. h3 e6 7. e4 d6 8. Be2 a6 9. a4 e5 10. O-O Ne8 11. Ne1 h6 12. Nd3 Nd7 13. f4 exf4 14. Bxf4 Qe7 15. Qd2 Kh7 16. Rae1 Ne5 17. Nxe5 dxe5 18. Be3 b6 19. a5 bxa5 20. Na4 f5 21. Bxc5 Nd6 22. exf5 gxf5 23. Qxa5 e4 24. Nb6 Rb8 25. Nxc8 Rbxc8 26. Ba3 Rg8 27. Rxf5 Qa7+ 28. Rf2 Bd4 29. Rf1 Rcf8 30. Bxd6 Bxf2+ 31. Kh1 Qg7 32. Bg4 Rf7 33. Qd2 e3 34. Qd3+ Qg6 35. Qxg6+ Rxg6 36. Bb4 Rf4 37. Be2 Kg8 38. Bc3 Kf8 39. g4 h5 40. Kg2 hxg4 41. hxg4 Ke7 42. b3 Kd7 43. Bb4 Rh6 44. Bc5 Rf7 45. Bd4 Rfh7 46. g5 Rh2+ 47. Kf3 R7h3+ 48. Ke4 Rh4+ 49. Kd3 Rg4 50. Bxg4+ Kd6 51. Ke4 Ke7 52. c5 Rh4 53. d6+ Kd8 54. Kf5 Rxg4 55. Bf6+ Ke8 56. Kxg4 e2 57. Rh1 Kd7 58. b4 e1=Q 59. Rxe1 Bxe1 60. g6 Ke6 61. g7 Kf7 62. d7 Bxb4 63. d8=Q Bxc5 64. g8=Q# 1-0


[Site "https://www.chess.com"]

[Event "Titled Tuesday Blitz April 4 Early 2023"]
[White "Narayanan, Srinath"]
[Black "Domingo Nunez, Alejandro"]
[WhiteFideId "5018420"]
[BlackFideId "22245561"]
[WhiteElo "2438"]
[BlackElo "2291"]
[Result "1/2-1/2"]
[Round "11"]
[TimeControl "180+2"]
[Date "2023.04.04"]
[WhiteClock "0:00:25"]
[BlackClock "0:00:30"]

1. Nf3 g6 2. d4 Bg7 3. g3 Nf6 4. Bg2 O-O 5. O-O d6 6. c4 Nbd7 7. Nc3 c5 8. dxc5 Nxc5 9. Be3 Bd7 10. Nd2 Rb8 11. Nb3 Ne6 12. Bxa7 Ra8 13. Be3 Bc6 14. Nd5 Ng4 15. Qd2 Nxe3 16. Nxe3 Qb6 17. Nd5 Bxd5 18. Bxd5 Nc5 19. Nxc5 dxc5 20. Rfb1 e6 21. Bf3 Rfd8 22. Qc2 Qb4 23. a3 Qa5 24. Rd1 Qb6 25. Rab1 h5 26. h4 Bf6 27. Rxd8+ Rxd8 28. b4 Ra8 29. Qd3 Rd8 30. Qe3 Bd4 31. Qe4 Rd7 32. e3 Bf6 33. Kg2 Kg7 34. Qf4 Bc3 35. Rb3 Bf6 36. Qe4 Kg8 37. Qb1 Kg7 38. a4 Rd2 39. a5 Qc7 40. Qe1 Ra2 41. bxc5 Qxa5 42. Qxa5 Rxa5 43. Rxb7 Rxc5 44. Be2 Be5 45. Kf3 Kf6 46. Ke4 Ra5 47. f4 Bd6 48. Kf3 Bc5 49. Rb3 Ra3 50. Rxa3 Bxa3 51. Ke4 Bc5 52. g4 hxg4 53. Bxg4 Ke7 54. Kd3 Kd6 55. Be2 e5 56. f5 Ke7 57. Ke4 gxf5+ 58. Kxf5 Bxe3 59. Kxe5 f6+ 60. Kf5 Kf7 61. Ke4 Bf2 62. h5 Kg7 63. Kf3 Bd4 64. Kg4 Kh6 65. Kf5 Kg7 66. Bf3 Kf7 67. h6 Be3 68. Bh5+ Kf8 69. Kg6 Kg8 70. Bg4 Kh8 71. Bf5 Bf2 72. Kf7 Bg1 73. Ke6 Bf2 74. Kd5 Bg1 75. Ke4 Bf2 76. Kf3 Bg1 77. Kg4 Bc5 78. Kh5 Bg1 79. Bd3 Bc5 80. Kg6 Bg1 81. Bf5 Bc5 82. Kf7 Bg1 83. Ke6 Bf2 84. Kd5 Bg1 85. Ke4 Bf2 86. Be6 Bc5 87. Kf3 Bg1 88. Kg4 Ba7 89. Kh5 Bg1 90. Bf5 Bc5 91. h7 Bg1 92. Kg6 Ba7 93. Kf7 Bg1 94. Ke6 Ba7 95. Kd5 Bg1 96. Ke4 Bc5 97. Kd3 Ba7 98. Ke2 Bg1 99. Kf3 Bc5 100. Bc2 Ba7 101. Kf4 Bg1 102. Kf5 Ba7 103. Kxf6 Bg1 104. Ke5 Ba7 105. Ke4 Bg1 106. Kd5 Ba7 107. Kc6 Bg1 108. Kb7 Bf2 109. Ka6 Bg1 110. Kb5 Bf2 111. Kb4 Bg1 112. Kc3 Bf2 113. Kd2 Bg1 114. Ke1 Bc5 115. Kf1 Bb6 116. Kg2 Bc5 117. Kf3 Bb6 118. Kf4 Bc5 119. Ke5 Bb6 120. Ke6 Bg1 121. Kd6 Bf2 122. Kd5 Bg1 123. c5 Bxc5 124. Kxc5 Kg7 125. Kd5 Kh8 126. Ke5 Kg7 127. Kf4 Kh8 128. Kg5 Kg7 129. Kh5 Kh8 1/2-1/2


[Site "https://www.chess.com"]

[Event "Titled Tuesday Blitz April 4 Early 2023"]
[White "Zhao, Jun"]
[Black "Bodnaruk, Anastasia"]
[WhiteFideId "8602522"]
[BlackFideId "4181751"]
[WhiteElo "2547"]
[BlackElo "2310"]
[Result "1-0"]
[Round "11"]
[TimeControl "180+2"]
[Date "2023.04.04"]
[WhiteClock "0:00:05"]
[BlackClock "0:00:04"]

1. Nf3 Nf6 2. d4 g6 3. c4 Bg7 4. Nc3 O-O 5. e4 d6 6. h3 e5 7. d5 Nh5 8. g3 Qe8 9. Be2 f5 10. exf5 gxf5 11. Ng5 Nf6 12. g4 f4 13. Qc2 e4 14. Ncxe4 Nxe4 15. Qxe4 Qxe4 16. Nxe4 f3 17. Bd3 Na6 18. Kd1 Bd7 19. Rb1 Nb4 20. Kd2 Rae8 21. a3 Nxd3 22. Kxd3 c6 23. Nxd6 Re2 24. Be3 cxd5 25. cxd5 Ba4 26. b3 Bd7 27. a4 Be5 28. Nxb7 Bf4 29. Nc5 Bxe3 30. fxe3 Bc8 31. Rbf1 Rg2 32. Ke4 f2 33. b4 Rg3 34. Rh2 Re8+ 35. Kd4 Rgxe3 36. Rhxf2 Ra3 37. Rf3 Ra2 38. d6 Rd8 39. Kd5 Rd2+ 40. Rd3 Rb2 41. b5 Rb4 42. Kc6 Rc4 43. Re1 Bd7+ 44. Kd5 Rb4 45. Nxd7 Rxd7 46. Re7 Rd8 47. Rde3 Rxa4 48. Re8+ Rxe8 49. Rxe8+ Kf7 50. d7 Rb4 51. d8=Q Rxb5+ 52. Kc4 Rb6 53. Qe7+ 1-0


[Site "https://www.chess.com"]

[Event "Titled Tuesday Blitz April 4 Early 2023"]
[White "Kilic, Eray"]
[Black "Terletsky, Oleg"]
[WhiteFideId "44517173"]
[BlackFideId "14116774"]
[WhiteElo "2328"]
[BlackElo "2084"]
[Result "0-1"]
[Round "11"]
[TimeControl "180+2"]
[Date "2023.04.04"]
[WhiteClock "0:00:07"]
[BlackClock "0:00:12"]

1. e4 e5 2. Nf3 Nc6 3. Bb5 a6 4. Ba4 Nf6 5. O-O Be7 6. Re1 b5 7. Bb3 d6 8. c3 O-O 9. h3 Bb7 10. d4 Re8 11. Nbd2 Bf8 12. Bc2 h6 13. a3 Nb8 14. a4 Nbd7 15. b3 g6 16. Bb2 Bg7 17. Bd3 c6 18. Qc2 Nh5 19. Bf1 Rf8 20. axb5 cxb5 21. d5 f5 22. c4 b4 23. Qd1 f4 24. Nh2 Nc5 25. Be2 Nf6 26. Ng4 h5 27. Nxf6+ Qxf6 28. Qc2 Bc8 29. Ra5 Nb7 30. Ra4 a5 31. Rea1 Bd7 32. R4a2 Bh6 33. c5 dxc5 34. Nc4 f3 35. Bxf3 Bxh3 36. Bxe5 Qg5 37. Qd3 Rae8 38. Bg3 Bc8 39. e5 h4 40. Bh2 Bf5 41. Qe3 Qxe3 42. fxe3 Bd3 43. d6 Bxc4 44. bxc4 Bxe3+ 45. Kh1 Bd4 46. Re1 Nxd6 47. Bd5+ Kh7 48. Rxa5 Nf5 49. e6 Kh6 50. Raa1 Ng3+ 51. Bxg3 hxg3 52. e7 Rh8 53. Be6 Rxe7 54. Bh3 Rxe1+ 55. Rxe1 Rb8 56. Rb1 b3 57. Bg4 b2 58. Bd1 Kg5 0-1


[Site "https://www.chess.com"]

[Event "Titled Tuesday Blitz April 4 Early 2023"]
[White "Samunenkov, Ihor"]
[Black "Drori, Saar"]
[WhiteFideId "14187086"]
[BlackFideId "2812444"]
[WhiteElo "2457"]
[BlackElo "2322"]
[Result "1-0"]
[Round "11"]
[TimeControl "180+2"]
[Date "2023.04.04"]
[WhiteClock "0:00:07"]
[BlackClock "0:00:06"]

1. e4 c5 2. Nf3 d6 3. d4 cxd4 4. Nxd4 Nf6 5. Nc3 a6 6. h3 e6 7. g4 Nfd7 8. g5 b5 9. a3 Bb7 10. h4 Nc5 11. Bg2 Nbd7 12. O-O Nb6 13. f4 h6 14. f5 hxg5 15. hxg5 e5 16. Nb3 Nca4 17. Nxa4 Nxa4 18. Qe1 Qb6+ 19. Be3 Qc7 20. Qc1 d5 21. exd5 Bd6 22. Nd2 Bc5 23. Ne4 Bxe3+ 24. Qxe3 Bxd5 25. Rad1 Bxe4 26. Bxe4 Rc8 27. g6 f6 28. Bd5 Qxc2 29. Bf7+ Ke7 30. Rd2 Qc5 31. Qxc5+ Nxc5 32. Kg2 Rhd8 33. Rc2 Nd3 34. Rxc8 Rxc8 35. Rh1 Nf4+ 36. Kf3 Rc2 37. Rh7 Rxb2 38. Rxg7 Rh2 39. Bb3+ Kf8 40. Rf7+ Ke8 41. g7 Rg2 42. Rf8+ Ke7 43. g8=Q Rxg8 44. Rxg8 Nd3 45. Rg7+ Kd6 46. Ke3 Nc5 47. Ba2 Na4 48. Rf7 Nc3 49. Rxf6+ Kc5 50. Bg8 a5 51. Re6 b4 52. axb4+ axb4 53. Rxe5+ Kd6 54. Re6+ Kd7 55. Rb6 Nd1+ 56. Kd2 Nf2 57. Rxb4 Ke7 58. Ke3 Nd1+ 59. Kd2 Nf2 60. Rb7+ Kf6 61. Be6 Ke5 62. Rb5+ Kf6 63. Ke3 Ng4+ 64. Kf4 Nf2 65. Rb6 Nd3+ 66. Ke3 Nc5 67. Bc4+ Kxf5 68. Rb5 Kg6 69. Rxc5 1-0


[Site "https://www.chess.com"]

[Event "Titled Tuesday Blitz April 4 Early 2023"]
[White "Yanchenko, Roman"]
[Black "Ljukin, Sergei"]
[WhiteFideId "4137329"]
[BlackFideId "14102200"]
[WhiteElo "2491"]
[BlackElo "2312"]
[Result "0-1"]
[Round "11"]
[TimeControl "180+2"]
[Date "2023.04.04"]
[WhiteClock "0:00:11"]
[BlackClock "0:00:04"]

1. d4 d5 2. c4 c6 3. Nc3 Nf6 4. Nf3 dxc4 5. a4 Bf5 6. Bg5 Qa5 7. Bxf6 exf6 8. e3 Bb4 9. Qd2 b5 10. Be2 O-O 11. O-O Qb6 12. axb5 Bxc3 13. bxc3 cxb5 14. Nh4 Bd7 15. Rfb1 Qc7 16. Bf3 Nc6 17. Rxb5 Nxd4 18. Qxd4 Bxb5 19. Bxa8 Rxa8 20. Nf5 Rd8 21. Qg4 g6 22. Nd4 Bc6 23. h3 Ra8 24. Qe2 Be4 25. Qb2 a5 26. f3 Bd3 27. Qb5 Qe5 28. Qxe5 fxe5 29. Nc6 a4 30. Nxe5 a3 31. Kf2 a2 32. e4 Bb1 33. Ke3 Rc8 34. f4 f6 35. Nf3 Rb8 36. Nd2 Rb2 37. g4 Rc2 38. Nxb1 axb1=Q 39. Rxb1 Rxc3+ 40. Kd4 Rxh3 41. Rb8+ Kg7 42. Rb7+ Kh6 43. Kxc4 Rg3 44. Kd5 Rxg4 45. e5 fxe5 46. fxe5 Rg1 47. e6 Re1 48. Rf7 g5 49. e7 Kg6 50. Rf8 Rxe7 51. Rg8+ Kh5 52. Rf8 h6 0-1


[Site "https://www.chess.com"]

[Event "Titled Tuesday Blitz April 4 Early 2023"]
[White "Papasimakopoulos, Alexandros"]
[Black "Manukyan, Artyom"]
[WhiteFideId "4244125"]
[BlackFideId "13305786"]
[WhiteElo "2359"]
[BlackElo "2078"]
[Result "1-0"]
[Round "11"]
[TimeControl "180+2"]
[Date "2023.04.04"]
[WhiteClock "0:00:20"]
[BlackClock "0:00:02"]

1. f4 Nf6 2. Nf3 c5 3. g3 g6 4. Bg2 Bg7 5. O-O O-O 6. d3 d5 7. Nc3 Nc6 8. e4 d4 9. Ne2 Ng4 10. c3 f5 11. e5 Be6 12. c4 Rb8 13. Ng5 Bd7 14. Bd5+ Kh8 15. h3 Nh6 16. Bd2 Qc8 17. e6 Be8 18. a3 b5 19. b4 bxc4 20. Bxc4 Nd8 21. bxc5 Qxc5 22. Bb4 Qc7 23. Rc1 Bc6 24. Qc2 Ba8 25. Kh2 a5 26. Bd2 Bf6 27. Nf3 Rc8 28. Qa4 Qb7 29. Rb1 Qc6 30. Qxc6 Nxc6 31. Rb6 Ng8 32. Rc1 Rfd8 33. Bb5 Na7 34. Rxc8 Nxc8 35. Rb8 Bxf3 36. Bxa5 Re8 37. Bxe8 Bxe2 38. Rxc8 Kg7 39. Bb5 Bf3 40. Bc6 Be2 41. Bb5 Bf3 42. a4 g5 43. Bb6 g4 44. h4 h5 45. a5 Nh6 46. a6 1-0


[Site "https://www.chess.com"]

[Event "Titled Tuesday Blitz April 4 Early 2023"]
[White "a-z30"]
[Black "Csonka, Balazs"]
[BlackFideId "742910"]
[WhiteElo "2472"]
[BlackElo "2404"]
[Result "0-1"]
[Round "11"]
[TimeControl "180+2"]
[Date "2023.04.04"]
[WhiteClock "0:00:01"]
[BlackClock "0:00:02"]

1. d3 d5 2. Nf3 Nf6 3. g3 Nbd7 4. Bg2 e5 5. O-O Bc5 6. Nxe5 Nxe5 7. d4 Bd6 8. dxe5 Bxe5 9. c4 dxc4 10. Qxd8+ Kxd8 11. Rd1+ Ke7 12. Na3 Be6 13. Be3 Rhd8 14. Bxb7 Rxd1+ 15. Rxd1 Rb8 16. Ba6 c3 17. Bc5+ Bd6 18. Bxd6+ cxd6 19. bxc3 Rb2 20. Nb5 Rxa2 21. Bb7 Bc4 22. Nxd6 Bxe2 23. Nf5+ Kf8 24. Re1 g6 25. Nd4 Bc4 0-1


[Site "https://www.chess.com"]

[Event "Titled Tuesday Blitz April 4 Early 2023"]
[White "Thomforde-Toates, Noah"]
[Black "Rizzo, Tobias"]
[WhiteFideId "30951992"]
[BlackFideId "30942691"]
[WhiteElo "2694"]
[BlackElo "2462"]
[Result "1-0"]
[Round "11"]
[TimeControl "180+2"]
[Date "2023.04.04"]
[WhiteClock "0:00:36"]
[BlackClock "0:00:28"]

1. d4 Nf6 2. Nc3 d5 3. Bf4 c5 4. e3 a6 5. dxc5 Nc6 6. a3 e5 7. Bg5 Be6 8. b4 Be7 9. Nf3 O-O 10. Be2 b6 11. cxb6 Qxb6 12. Bxf6 Bxf6 13. e4 dxe4 14. Nxe4 Be7 15. O-O Rad8 16. Qc1 h6 17. c4 f5 18. c5 Qb7 19. Bc4 Qc8 20. Ng3 e4 21. Re1 Kh7 22. Bxe6 Qxe6 23. Qc2 Qf7 24. Nxe4 fxe4 25. Qxe4+ Qg6 26. Qxg6+ Kxg6 27. Re6+ Rf6 28. Rxc6 1-0


[Site "https://www.chess.com"]

[Event "Titled Tuesday Blitz April 4 Early 2023"]
[White "Xiong, Jeffery"]
[Black "Pham, Le Thao Nguyen"]
[WhiteFideId "2047640"]
[BlackFideId "12401226"]
[WhiteElo "2726"]
[BlackElo "2286"]
[Result "1-0"]
[Round "11"]
[TimeControl "180+2"]
[Date "2023.04.04"]
[WhiteClock "0:02:24"]
[BlackClock "0:00:08"]

1. e4 c6 2. Nf3 d5 3. d3 dxe4 4. dxe4 Qxd1+ 5. Kxd1 Nf6 6. Nbd2 Rg8 7. h4 Bg4 8. Be2 h6 9. Ne1 Bc8 10. Nd3 g5 11. hxg5 hxg5 12. c3 Na6 13. Kc2 Be6 14. e5 Nd7 15. Nf3 Bf5 16. Bxg5 Nxe5 17. Nxe5 Rxg5 18. g4 Be4 19. Rh5 f6 20. Rxg5 fxg5 21. f3 Bxd3+ 22. Bxd3 Nc5 23. Bg6+ Kd8 24. Rd1+ Kc7 25. b4 Ne6 26. Rd7+ Kb6 27. Bd3 Rd8 28. Nc4+ Ka6 29. Ne5+ b5 30. Bf5 Bg7 31. Bxe6 Rxd7 32. Nxd7 1-0


[Site "https://www.chess.com"]

[Event "Titled Tuesday Blitz April 4 Early 2023"]
[White "Urazayev, Arystanbek"]
[Black "Buksa, Nataliya"]
[WhiteFideId "13709810"]
[BlackFideId "14123622"]
[WhiteElo "2449"]
[BlackElo "2316"]
[Result "1-0"]
[Round "11"]
[TimeControl "180+2"]
[Date "2023.04.04"]
[WhiteClock "0:00:49"]
[BlackClock "0:00:09"]

1. e4 c5 2. Nf3 Nc6 3. Bb5 Qb6 4. Nc3 e6 5. O-O Nd4 6. Bc4 d6 7. Re1 Bd7 8. a4 Nf6 9. d3 Be7 10. a5 Qc7 11. e5 Nxf3+ 12. Qxf3 dxe5 13. a6 Bc6 14. Bb5 O-O 15. Bxc6 bxc6 16. Bg5 h6 17. Bh4 Rab8 18. b3 Rb4 19. Bg3 Bd6 20. h3 Rc8 21. Qe2 e4 22. Bxd6 Qxd6 23. Nxe4 Nxe4 24. dxe4 c4 25. bxc4 Qc5 26. Qd2 Rxc4 27. Qd7 Rb8 28. Reb1 Rf8 29. Rb2 Rxe4 30. c3 Qxc3 31. Rbb1 Qc5 32. Rc1 Qb6 33. Rxc6 Qb2 34. Rf1 Qb5 35. Rfc1 Re2 36. Qxa7 Rd8 37. Rc8 Re1+ 38. Rxe1 Rxc8 39. Rd1 Qa4 40. Rd4 Rc1+ 41. Kh2 Qa1 42. Qa8+ Kh7 43. Qe4+ g6 44. Rd7 Rh1+ 45. Kg3 Qc3+ 46. f3 Kg7 47. a7 Ra1 48. a8=Q Rxa8 49. Qxa8 Qe5+ 50. f4 Qe1+ 51. Kh2 Qe3 52. Qa1+ Kg8 53. Rd8+ Kh7 54. Qh8# 1-0


[Site "https://www.chess.com"]

[Event "Titled Tuesday Blitz April 4 Early 2023"]
[White "Weishaeutel, Moritz"]
[Black "Wagner, Dennis"]
[WhiteFideId "12967300"]
[BlackFideId "24650684"]
[WhiteElo "2301"]
[BlackElo "2470"]
[Result "0-1"]
[Round "11"]
[TimeControl "180+2"]
[Date "2023.04.04"]
[WhiteClock "0:00:01"]
[BlackClock "0:00:12"]

1. e4 c5 2. b4 e5 3. Nf3 Nc6 4. b5 Nd4 5. c3 Nxf3+ 6. Qxf3 Nf6 7. Bc4 Be7 8. d3 O-O 9. Nd2 d6 10. Nf1 Qa5 11. Bd2 Bg4 12. Qg3 Be6 13. Ne3 Bxc4 14. Nf5 Nh5 15. Nxe7+ Kh8 16. Qf3 Bxb5 17. c4 Qd8 18. cxb5 Qxe7 19. Qxh5 Qe6 20. Qf5 Qxf5 21. exf5 a6 22. b6 f6 23. a4 Kg8 24. O-O Kf7 25. f4 Ke7 26. fxe5 fxe5 27. Bg5+ Kd7 28. f6 gxf6 29. Rxf6 Rxf6 30. Bxf6 Kc6 31. a5 Rg8 32. Rf1 Kb5 33. Be7 Rg6 34. Rf7 Kxa5 35. Bd8 Rg8 36. Bc7 Rg6 37. Rxh7 Kb5 38. h4 a5 39. h5 Re6 40. Rh8 a4 41. h6 a3 42. h7 Rh6 43. Bxd6 Rxd6 44. Ra8 Rh6 45. h8=Q Rxh8 46. Rxh8 e4 47. dxe4 c4 48. Ra8 Kb4 49. e5 c3 50. e6 c2 51. Rc8 a2 52. Rxc2 a1=Q+ 53. Kf2 Qd4+ 54. Ke1 Qg1+ 55. Kd2 Qxg2+ 56. Kc1 Qg5+ 57. Kb1 Qe5 58. Rb2+ Ka3 59. Ra2+ Kb3 60. Rd2 Qe1+ 0-1


[Site "https://www.chess.com"]

[Event "Titled Tuesday Blitz April 4 Early 2023"]
[White "Ibadov, Dashgyn"]
[Black "Kowalczyk, Pawel"]
[WhiteFideId "24107514"]
[BlackFideId "1130641"]
[WhiteElo "2208"]
[BlackElo "2324"]
[Result "0-1"]
[Round "11"]
[TimeControl "180+2"]
[Date "2023.04.04"]
[WhiteClock "0:00:04"]
[BlackClock "0:01:51"]

1. e4 c5 2. Nf3 e6 3. d4 cxd4 4. Nxd4 Qb6 5. Nc3 Bc5 6. Na4 Qa5+ 7. c3 Bxd4 8. Qxd4 Nf6 9. Nc5 O-O 10. Be2 Nc6 11. Qe3 d5 12. O-O e5 13. b4 Qc7 14. exd5 Nxd5 15. Qg3 Bf5 16. a3 Rad8 17. c4 Nd4 18. Bd1 Nf4 19. Bxf4 exf4 20. Qc3 b6 21. Nb3 Nxb3 22. Bxb3 Rd3 23. Qb2 f3 24. Rfd1 fxg2 25. Rxd3 Bxd3 26. Qc3 Bf1 27. c5 bxc5 28. bxc5 Bb5 29. Re1 Bc6 30. Qc4 g6 31. Rd1 Re8 32. Qd4 Qe5 33. Qc4 Qe1+ 0-1


[Site "https://www.chess.com"]

[Event "Titled Tuesday Blitz April 4 Early 2023"]
[White "Eynullayev, Atilla"]
[Black "De La Colina, Nicolas"]
[WhiteFideId "13413570"]
[BlackFideId "30946921"]
[WhiteElo "2181"]
[BlackElo "2046"]
[Result "1-0"]
[Round "11"]
[TimeControl "180+2"]
[Date "2023.04.04"]
[WhiteClock "0:00:08"]
[BlackClock "0:00:12"]

1. d4 Nf6 2. c4 e6 3. Nc3 c5 4. d5 exd5 5. cxd5 d6 6. e4 g6 7. f4 Bg7 8. Bb5+ Nfd7 9. Bd3 Na6 10. Nf3 O-O 11. O-O Re8 12. Kh1 Rb8 13. a3 Nc7 14. f5 Ne5 15. Bg5 Bf6 16. Bxf6 Qxf6 17. Nxe5 Qxe5 18. Qd2 Qg7 19. f6 Qf8 20. a4 Bd7 21. Rfc1 a6 22. a5 b5 23. axb6 Rxb6 24. Rab1 Reb8 25. Qf4 Qd8 26. Rc2 Ne8 27. Rf2 Rb3 28. e5 dxe5 29. Qxe5 R3b6 30. Rbf1 Rxb2 31. Rxb2 Rxb2 32. Ne4 Rb6 33. Bc4 Bb5 34. Bxb5 axb5 35. Qe7 Qxe7 36. fxe7 f5 37. d6 Rxd6 38. Nxd6 Nxd6 39. Rd1 Ne8 40. Rd5 Kf7 41. Rxc5 Nd6 42. Rc7 Ne8 43. Rb7 Nd6 44. Ra7 Nc8 45. Rc7 Nxe7 46. Rb7 Kf6 47. Rxb5 Kf7 48. Kg1 Kf6 49. Rb7 Kf7 50. Kf2 Kf6 51. Kg3 Kf7 52. h4 Kf6 53. Kf3 h6 54. Rb6+ Kf7 55. Rd6 Kg7 56. Kf4 Kf7 57. Ke5 Ng8 58. Rd7+ Ke8 59. Rh7 Kf8 60. Ke6 Ke8 61. Rg7 Kf8 62. Rxg6 h5 63. Rg5 Ke8 64. Rxf5 Ne7 65. Rxh5 Kf8 66. Rh8+ Ng8 67. Rxg8+ Kxg8 68. Kf6 Kh7 69. g4 Kg8 70. Kg6 Kh8 1-0


[Site "https://www.chess.com"]

[Event "Titled Tuesday Blitz April 4 Early 2023"]
[White "Skvortsov, Andrei"]
[Black "Bruedigam, Martin"]
[WhiteFideId "24108600"]
[BlackFideId "24608033"]
[WhiteElo "2259"]
[BlackElo "2331"]
[Result "1-0"]
[Round "11"]
[TimeControl "180+2"]
[Date "2023.04.04"]
[WhiteClock "0:02:19"]
[BlackClock "0:02:22"]

1. d4 Nf6 2. c4 e6 3. Nc3 d5 4. cxd5 exd5 5. Bg5 Be7 6. e3 h6 7. Bh4 O-O 8. Bd3 c6 9. Nge2 Ne8 10. Bxe7 Qxe7 11. Rc1 Nd6 12. Qc2 a5 13. a3 Na6 14. O-O Nc7 15. Ng3 Bd7 16. Nce2 Rfe8 17. Nf4 Qg5 18. Rce1 Nf5 19. Bxf5 Bxf5 20. Qxf5 1-0


[Site "https://www.chess.com"]